 Dungeon Crawl Stone Soup version 0.32-a0-20-ge526923d97 (webtiles) character file.

Game seed: 10640396864364209148

1980 libraryen the Grappler (level 9, -21/67 (73) HPs)
             Began as a Minotaur Berserker on Jan 11, 2024.
             Was a Priest of Trog.
             Demolished by an orc knight
             ... wielding a +0 halberd
              (22 damage)
             ... in a bailey on Jan 18, 2024.
             The game lasted 01:32:37 (5823 turns).

libraryen the Grappler (Minotaur Berserker)         Turns: 5823, Time: 01:32:48

HP:   -21/67 (73)   AC: 10    Str: 27    XL:     9   Next: 1%
MP:   8/8           EV: 17    Int:  4    God:    Trog [***...]
Gold: 448           SH:  0    Dex: 11    Spells: 8/8 levels left

rFire   . .          .
                       - Unarmed
rCold   + . .        (no shield)
rNeg    . . .        D - +3 ring mail {rC+}
rPois   .            (helmet restricted)
rElec   .            (no cloak)
rCorr   .            (no gloves)
SInv    .            p - +0 pair of boots
Will    ++...        j - amulet of the acrobat
Stlth   ++           f - +5 ring of evasion
HPRegen 1.31/turn    (no ring)
MPRegen 0.11/turn

%: acrobat
@: strong-willed, regenerating, drained
A: horns 2, retaliatory headbutt, thin skeletal structure 1, wild magic 1
a: Renounce Religion, Berserk, Trog's Hand


You were in a bailey.
You worshipped Trog.
Trog was most pleased with you.
You visited 1 branch of the dungeon, and saw 8 of its levels.
You also visited: Bailey.

You collected 448 gold pieces.

Inventory:

Hand Weapons
 i - a +0 sling
 C - a +1 flail of protection
 G - the +5 war axe of Nysso Abang {freeze, Int+5}
   (You found it on level 7 of the Dungeon)

   Int+5:     It affects your intelligence (+5).
 K - a +1 falchion of flaming
 L - a +6 scimitar of freezing
Missiles
 e - 52 stones (quivered)
 z - 9 boomerangs
Armour
 a - a +0 animal skin
 p - a +0 pair of boots (worn)
 x - the +0 plate armour of Boredom {rN++}
   (You took it off a hobgoblin on level 4 of the Dungeon)

   rN++:      It greatly protects you from negative energy.
 y - a +0 scale mail
 D - a +3 ring mail of cold resistance (worn)
Jewellery
 f - a +5 ring of evasion (left hand)
 j - an amulet of the acrobat (around neck)
 o - an amulet of regeneration
 I - the amulet of the Leaf {Faith rCorr Str+5}
   (You found it on level 7 of the Dungeon)

   [amulet of faith]

   Faith:     It allows you to gain divine favour quickly.
   Str+5:     It affects your strength (+5).
   rCorr:     It protects you from acid and corrosion.
Wands
 A - a wand of paralysis (7)
 J - a wand of roots (7)
Scrolls
 c - a scroll of noise {unknown}
 d - 2 scrolls of amnesia {unknown}
 g - 7 scrolls of identify {unknown}
 n - a scroll of fog {unknown}
 q - 6 scrolls of revelation {unknown}
 r - a scroll of acquirement
 t - 2 scrolls of vulnerability {unknown}
 v - 3 scrolls of enchant weapon {unknown}
 w - a scroll of poison {unknown}
 E - 3 scrolls of teleportation
 H - a scroll of blinking {unknown}
 M - a scroll of fear {unknown}
Potions
 b - 5 potions of heal wounds {unknown}
 h - 2 potions of lignification {unknown}
 k - 4 potions of attraction {unknown}
 l - a potion of haste {unknown}
 s - a potion of cancellation {unknown}
 u - 3 potions of mutation
 B - a potion of brilliance {unknown}
 F - a potion of enlightenment {unknown}
 N - 2 potions of might {unknown}
 O - a potion of resistance {unknown}


   Skills:
 + Level 4.8 Fighting
 + Level 0.5 Throwing
 + Level 6.6 Armour
 + Level 4.6 Dodging
 + Level 1.7 Stealth
 + Level 10.5 Unarmed Combat


You had 8 spell levels left.
You didn't know any spells.
Your spell library contained the following spells:

 Spells                   Type           Power      Damage    Failure   Level
 Foxfire                  Conj/Fire      0%         2x1d4     71%         1
 Magic Dart               Conj           0%         1d3       71%         1
 Necrotise                Necr           0%         1d4       71%         1
 Blink                    Tloc           0%         N/A       83%         2
 Call Imp                 Summ           0%         N/A       83%         2
 Cigotuvi's Dreadful Rot  Necr/Alch/Air  0%         N/A       83%         2
 Ensorcelled Hibernation  Hex/Ice        0%         N/A       83%         2
 Frozen Ramparts          Ice            0%         1d1       96%         3
 Fugue of the Fallen      Necr           0%         N/A       96%         3
 Ozocubu's Armour         Ice            0%         N/A       96%         3
 Passwall                 Erth           0%         N/A       96%         3
 Swiftness                Air            0%         N/A       96%         3
 Vampiric Draining        Necr           0%         2d6       96%         3
 Ignite Poison            Fire/Alch      0%         N/A       100%        4
 Leda's Liquefaction      Alch/Erth      0%         N/A       100%        4
 Manifold Assault         Tloc           0%         N/A       100%        4
 Martyr's Knell           Necr/Summ      0%         N/A       100%        4
 Passage of Golubria      Tloc           0%         N/A       100%        4
 Petrify                  Alch/Erth      0%         N/A       100%        4
 Curse of Agony           Necr           0%         N/A       100%        5
 Freezing Cloud           Conj/Ice/Air   0%         6-21      100%        5
 Metabolic Englaciation   Hex/Ice        0%         N/A       100%        5
 Silence                  Hex/Air        0%         N/A       100%        5
 Plasma Beam              Fire/Air       0%         2x1d10    100%        6
 Starburst                Conj/Fire      0%         6d3       100%        6
 Lehudib's Crystal Spear  Conj/Erth      0%         10d2      100%        8


Dungeon Overview and Level Annotations

Branches:
Dungeon (8/15)             Bailey (1/1)
 Temple: D:4-7         Lair: D:8-11

Altars:
Dithmenos
Kikubaaqudgha
Nemelex Xobeh
Uskayaw
Yredelemnul

Shops:
D:5 :   D:8 *

Annotations:
D:3 2 transporters, Menkaure
D:5 test annotation


Innate Abilities, Weirdness & Mutations

You have a pair of horns on your head.
You reflexively headbutt those who attack you in melee.
You have a somewhat thin skeletal structure. (Dex +2, Stealth+)
Your spells are a little harder to cast, but a little more powerful.


Message History

* * * LOW HITPOINT WARNING * * *
The gnoll barely misses you. The orc knight closely misses you.
There is an open door, spattered with blood here.
There is an open door here.
Welcome back, libraryen the Minotaur Berserker.
Trog says: Kill them all!
Press ? for a list of commands and other information.
Okay, then.
Okay, then.
You close the door.
An orc knight breaks down the door.
Your skin crawls.
You feel strong-willed.
The orc knight hits you from afar with a +0 halberd!
* * * LOW HITPOINT WARNING * * *
There is an open door here.
The orc knight misses you. You furiously retaliate!
You headbutt the orc knight. The orc knight misses you.
The orc knight attacks as it pursues you!
The orc knight completely misses you.
The orc knight attacks as it pursues you!
The orc knight barely misses you.
Things that are here:
a +0 chain mail; a +0 spear; an orc corpse
There is an open door here.
You feel better. The orc knight misses you. The gnoll completely misses you.
The orc knight completely misses you.
There is an open door here.
The orc knight hits you with a +0 halberd!!
* * * LOW HITPOINT WARNING * * *
The gnoll barely misses you.
It was a potion of mutation.
You feel extremely strange.
You feel less in control of your magic.
Your bones become slightly less dense.
The gnoll closely misses you.
The gnoll hits you from afar with a +2 halberd of draining.
* * * LOW HITPOINT WARNING * * *
You feel drained.
The orc knight hits you with a +0 halberd!!
You die...

#.[..⌠..'[#)'..∩..'.#
###.....#####.....###
##.....## ##...[.#
##'##'##'###'##'##'#
#.###.###.#)###[# #.#
#'# ### #### ### ##
#)###.# #.#.#
##'##'##'# #+##+##+
##[)o@g# !.!.!#
###).g..### .!.!.#
#['..)g.'.# !.⌠.!+
###.....### g!.!.#
##.....## ##?g!.!#
##'##'##'###g#
#.###.###.'.## ###
### #####


You could see an orc knight and 3 gnolls.

Vanquished Creatures
  Edmund (D:5)
  An ogre (D:5)
  A centaur (D:7)
  A phantom (D:5)
  A kobold brigand (D:5)
  3 bullfrogs
  5 scorpions
  4 wights (D:8)
  5 killer bees (D:8)
  2 howler monkeys
  3 hounds
  2 jellies (D:5)
  A bombardier beetle (D:4)
  2 iguanas
  An orc priest (D:7)
  2 sleepcaps
  Ijyb (D:5)
  An orc wizard (D:7)
  7 gnolls (Bailey)
  4 adders
  A white imp (D:6)
  4 ribbon worms
  20 orcs
  4 endoplasms (D:2)
  A giant cockroach (D:2)
  4 goblins
  6 hobgoblins
  2 jackals (D:2)
  14 kobolds
  5 quokkas
  6 ball pythons
  6 bats
  5 frilled lizards
  6 rats
132 creatures vanquished.

Notes
Turn   | Place    | Note
-------+----------+-------------------------------------------
     0 | D:1      | libraryen the Minotaur Berserker began the quest for the
                  | Orb.
     0 | D:1      | Reached XP level 1. HP: 19/19 MP: 0/0
   342 | D:1      | Reached XP level 2. HP: 27/27 MP: 1/1
   431 | D:1      | Reached skill level 4 in Unarmed Combat
   813 | D:2      | Upgraded the game from 0.31-a0-1616-gbeaec30b81 to
                  | 0.31-a0-1620-gcbf77bbcfc
   841 | D:2      | Reached ** piety under Trog
   842 | D:2      | Reached XP level 3. HP: 33/33 MP: 2/2
  1665 | D:3      | Found a transporter.
  1701 | D:3      | Reached XP level 4. HP: 40/40 MP: 3/3
  1922 | D:3      | Found a basalt altar of Yredelemnul.
  1944 | D:3      | Noticed Menkaure
  1952 | D:3      | Found an ancient bone altar of Kikubaaqudgha.
  1955 | D:3      | Found a transporter.
  2241 | D:4      | Reached skill level 5 in Unarmed Combat
  2266 | D:4      | Reached XP level 5. HP: 44/46 MP: 4/4
  2419 | D:4      | Found a shadowy altar of Dithmenos.
  2481 | D:4      | Reached skill level 1 in Stealth
  2575 | D:4      | Identified the +0 plate armour of Boredom {rN++}
  2585 | D:4      | Reached skill level 6 in Unarmed Combat
  2589 | D:4      | Reached XP level 6. HP: 37/52 MP: 5/5
  3033 | D:4      | Found a hide-covered altar of Uskayaw.
  3107 | D:5      | Entered Level 5 of the Dungeon
  3244 | D:5      | Noticed Ijyb
  3254 | D:5      | Killed Ijyb
  3345 | D:5      | Reached skill level 7 in Unarmed Combat
  3345 | D:5      | Reached XP level 7. HP: 37/59 MP: 6/6
  3495 | D:5      | Noticed Edmund
  3525 | D:5      | Killed Edmund
  3527 | D:5      | Reached *** piety under Trog
  3614 | D:5      | Found Veddyg's Tremendous Tomes.
  3756 | D:5      | Reached skill level 8 in Unarmed Combat
  3966 | D:5      | Reached skill level 5 in Armour
  4359 | D:6      | Reached XP level 8. HP: 67/67 MP: 7/7
  4498 | D:6      | Upgraded the game from 0.31-a0-1620-gcbf77bbcfc to
                  | 0.31-a0-1626-g5cb510d322
  4606 | D:7      | Reached skill level 9 in Unarmed Combat
  4675 | D:7      | Found a sparkling altar of Nemelex Xobeh.
  4852 | D:7      | Identified the +5 war axe of Nysso Abang {freeze, Int+5}
  4916 | D:7      | Identified the amulet of the Leaf {Faith rCorr Str+5}
  5280 | D:8      | Upgraded the game from 0.31-a0-1626-g5cb510d322 to
                  | 0.32-a0-7-ge934b4519a
  5364 | D:8      | Reached skill level 10 in Unarmed Combat
  5381 | D:8      | Found Seet Ola's General Store.
  5438 | D:8      | Found a flagged portal.
  5441 | D:8      | Upgraded the game from 0.32-a0-7-ge934b4519a to
                  | 0.32-a0-17-gb74e046682
  5493 | Bailey   | Entered a bailey
  5555 | Bailey   | Upgraded the game from 0.32-a0-17-gb74e046682 to
                  | 0.32-a0-18-g89e19f1974
  5709 | Bailey   | Upgraded the game from 0.32-a0-18-g89e19f1974 to
                  | 0.32-a0-20-ge526923d97
  5739 | Bailey   | Reached XP level 9. HP: 64/72 MP: 8/8
  5790 | Bailey   | Noticed an orc knight
  5822 | Bailey   | HP: 2/68 [orc knight/+0 halberd (22)]
  5823 | Bailey   | Gained mutation: Your spells are a little harder to cast,
                  | but a little more powerful. [potion of mutation]
  5823 | Bailey   | Gained mutation: You have a somewhat thin skeletal
                  | structure. (Dex +2, Stealth+) [potion of mutation]
  5823 | Bailey   | Demolished by an orc knight

Illustrated notes

Levels and vault maps discovered:
D:1:      dpeg_chamrin_arrival_tetris, layout_basic, minmay_tetromino_i4
D:2:      layout_loops_ring, minmay_hedge_maze, uniq_crazy_yiuf_cottage
D:3:      layout_rooms, gammafunk_temple_of_torment,
          hangedman_decor_diamond_cutter
D:4:      layout_loops_corners, mainiacjoe_overflow_surrounded_room,
          grunt_dithmenos_smoke_and_mirrors
D:5:      layout_basic, gammafunk_temple_overflow_pools,
          lemuel_temple_firewalk_b, nicolae_shop_i_like_big_books,
          minmay_increasing_density, uniq_eustachio, uniq_edmund, uniq_ijyb
D:6:      layout_gridville, led_sif_pool, minmay_curled_crystal, uniq_menkaure
D:7:      layout_basic, nemelex_spade_bored_becter
D:8:      layout_rooms, grunt_temple_overflow_open,
          mainiacjoe_overflow_24_doors, enter_bailey_2, serial_shops, shop
Bailey:   bailey_polearm_nasty_gnolls, bailey

Skill      XL: |  1  2  3  4  5  6  7  8 |
---------------+-------------------------+-----
Unarmed Combat | 4 5 6 7 8 10 | 10.5
Fighting       | 4 |  4.8
Stealth        | 1 |  1.7
Armour         | 3 4 5 6 |  6.6
Dodging        | 3 4 |  4.6
Throwing       | |  0.5

Action                     |  1- 3 |  4- 6 |  7- 9 || total
---------------------------+-------+-------+-------++-------
  Melee: Unarmed           |   107 |    94 |   170 ||   371
         Headbutt          |    21 |    14 |    25 ||    60
         Punch             |     5 |     5 |     7 ||    17
   Fire: Sling             |     3 |       |       ||     3
  Throw: Stone             |    10 |     1 |    11 ||    22
 Invoke: Trog's Hand       |       |       |     2 ||     2
    Use: Scroll            |     1 |       |       ||     1
         Potion            |       |       |     7 ||     7
 Armour: Leather armour    |     7 |       |       ||     7
         Ring mail         |    15 |    14 |    61 ||    90
         Plate armour      |       |    17 |    35 ||    52
  Dodge: Dodged            |    62 |    70 |   180 ||   312

Table legend: (Time is in decaauts)
 A = Elapsed time spent in this place.
 B = Non-inter-level travel time spent in this place.
 C = Inter-level travel time spent in this place.
 D = Time resting spent in this place.
 E = Time spent auto-exploring this place.
 F = Levels seen in this place.
 G = Mean time per level.
                   A        B        C        D        E       F      G
               +--------+--------+--------+--------+--------+-----+--------+
         Total |   5763 |   5756 |      7 |      0 |      0 |   9 |  640.3 |
       Dungeon |   5454 |   5447 |      7 |      0 |      0 |   8 |  681.8 |
        Bailey |    308 |    308 |      0 |      0 |      0 |   1 |  308.0 |
               +--------+--------+--------+--------+--------+-----+--------+

Top non-repeatable levels by time:
     D:5: 933 daAuts
     D:4: 930 daAuts
     D:1: 810 daAuts
     D:7: 759 daAuts
     D:2: 726 daAuts
     D:3: 625 daAuts
     D:6: 463 daAuts
  Bailey: 308 daAuts
     D:8: 205 daAuts
